 Dungeon Crawl Stone Soup version 0.23.2-1-ga50397a6bc (webtiles) character file.

Game seed: 6854392829238611121

24970 WabbitTwacks the Cleaver (level 12, -1/105 HPs)
             Began as a Demonspawn Berserker on May 14, 2019.
             Was a High Priest of Trog.
             Slain by a brown ugly thing (10 damage)
             ... on level 14 of the Dungeon.
             The game lasted 01:50:33 (15147 turns).

WabbitTwacks the Cleaver (Demonspawn Berserker)    Turns: 15147, Time: 01:50:33

Health: -1/105     AC: 14    Str: 21    XL:     12   Next: 85%
Magic:  12/12      EV: 22    Int: 12    God:    Trog [*****.]
Gold:   540        SH:  0    Dex: 16    Spells: 11/11 levels left

rFire    . . .     SeeInvis .   g - +5 broad axe (distort)
rCold    + . .     Gourm    .   (no shield)
rNeg     + . .     Faith    .   A - +1 leather armour {MR+}
rPois    .         Spirit   .   Q - +1 helmet {Int+3}
rElec    .         Reflect  .   u - scarf {repulsion}
rCorr    .         Harm     .   f - +0 pair of gloves
MR       +....                  (no boots)
Stlth    +++.......             (no amulet)
HPRegen  0.27/turn              j - ring of positive energy
MPRegen  0.13/turn              y - +5 ring of evasion

@: berserk cooldown, slowed, repel missiles, very slow
A: claws 2, hooves 1, iridescent scales 3, cold resistance 1, robust 1, spiny 1,
strong 1, MP-powered wands
a: Berserk, Trog's Hand, Brothers in Arms, Renounce Religion


You were on level 14 of the Dungeon.
You worshipped Trog.
Trog was extremely pleased with you.
You were not hungry.

You visited 1 branch of the dungeon, and saw 14 of its levels.

You collected 660 gold pieces.
You spent 120 gold pieces at shops.

Inventory:

Hand Weapons
 g - a +5 broad axe of distortion (weapon)
 z - a +1 antimagic whip
 P - a +2 battleaxe of flaming
 U - a +5 great sword
Missiles
 e - 390 stones
 i - a throwing net (quivered)
 s - 15 tomahawks
Armour
 b - a +0 animal skin
 f - a +0 pair of gloves (worn)
 q - a +0 shield
 u - a scarf of repulsion (worn)
 A - a +1 leather armour of magic resistance (worn)
 C - a +0 troll leather armour
 Q - a +1 helmet of intelligence (worn)
 V - a +1 cloak
 W - a scarf of cloud immunity
Jewellery
 j - a ring of positive energy (left hand)
 v - an uncursed amulet of magic regeneration
 y - a +5 ring of evasion (right hand)
 B - the ring of the Snail {rPois rF+++ rC- MR+ SInv}
   (You took it off a crimson imp on level 7 of the Dungeon)

   [ring of protection from magic]

   It renders you almost immune to fire.
   It makes you vulnerable to cold.
   It protects you from poison.
   It affects your resistance to hostile enchantments.
   It lets you see invisible.
 H - an uncursed ring of resist corrosion
Wands
 o - a wand of random effects (20)
 G - a wand of polymorph (11)
 I - a wand of clouds (8)
 K - a wand of paralysis (6)
 N - a wand of disintegration (13)
Scrolls
 c - 2 scrolls of remove curse
 h - 4 scrolls of magic mapping {unknown}
 k - a scroll of summoning {unknown}
 l - 5 scrolls of enchant armour
 m - 2 scrolls of blinking {unknown}
 n - a scroll of fog
 r - a scroll of enchant weapon
 E - a scroll of acquirement {unknown}
 F - 3 scrolls of identify
 J - a scroll of immolation {unknown}
 M - a scroll of brand weapon {unknown}
 R - a scroll of amnesia {unknown}
 T - 2 scrolls of teleportation {unknown}
 Y - a scroll of vulnerability {unknown}
Potions
 a - a potion of berserk rage {unknown}
 d - 3 potions of mutation
 p - 3 potions of brilliance
 t - 2 potions of flight {unknown}
 x - a potion of invisibility
 D - a potion of lignification {unknown}
 O - a potion of ambrosia {unknown}
Comestibles
 w - 5 chunks of flesh
 S - 3 rations


   Skills:
 + Level 9.5 Fighting
 + Level 10.1 Long Blades
 + Level 10.6(10.7) Axes
 + Level 2.3(7.2) Maces & Flails
 + Level 6.1 Armour
 + Level 8.0 Dodging
 + Level 6.1 Stealth


You had 11 spell levels left.
You didn't know any spells.
Your spell library was empty.

Dungeon Overview and Level Annotations

Branches:
Dungeon (14/15)            Temple (0/1) D:4            Lair (0/6) D:10
    Orc (0/2) D:9          Vaults (0/5) D:14

Altars:
Cheibriados
Gozag
Makhleb
Qazlal
Trog

Shops:
D:9 ?   D:14 !

Annotations:
D:6 1 runed translucent door, Crazy Yiuf
D:10 3 runed translucent doors, BorisKarlOrff's ghost, novice OpAs


Innate Abilities, Weirdness & Mutations

You have very sharp fingernails.
You are completely covered in iridescent scales. (AC +6)
Your flesh is cold resistant. (rC+)
You are robust. (+10% HP)
You are partially covered in sharp spines.
You have large cloven feet.
Your muscles are strong. (Str +2)
You expend magic power (3 MP) to strengthen your wands.


Message History

The brown ugly thing is heavily wounded.
You hit the manticore.
The manticore disappears!
The brown ugly thing disappears!
You feel a strong urge to attack something.
Things that are here:
a +0 arbalest; 22 bolts You see here a bolt.
You feel your anger nearly subside.
You are no longer berserk.
You are exhausted.
You feel yourself slow down.
Things that are here:
a +0 arbalest; 22 bolts
Things that are here:
a +0 arbalest; 19 bolts You see here a bolt.
You barely miss the brown ugly thing.
You kick the brown ugly thing, but do no damage.
The brown ugly thing is heavily wounded.
The brown ugly thing gores you!
You die...

....#c....u ######'###
#.#.#c.... #.# #........#
####†# #....H...# #....#
#........#### ######.####
#......c.#..### #...#.....#
.....(####...(## ###.#####.#
#####....(..#.)###.......#.#
#...>..(##.)@u(#######.#
#.......######.........#
######### ###########


You could see a brown ugly thing.

Vanquished Creatures
  Frances (D:13)
  A yaktaur captain (D:14)
  A centaur warrior (D:9)
  5 two-headed ogres
  Urug (D:11)
  An unseen horror (D:13)
  Pikel (D:6)
  A cyclops (D:14)
  2 ugly things
  A manticore (D:11)
  2 gargoyles
  A yaktaur (D:14)
  3 trolls
  A hornet (D:9)
  4 slime creatures (D:12)
  4 hippogriffs
  A centaur simulacrum (D:11)
  A wraith (D:10)
  A shadow (D:13)
  A wyvern (D:10)
  13 yaks
  A basilisk (D:13)
  A hungry ghost (D:10)
  A water moccasin (D:9)
  2 porcupines (D:10)
  6 sky beasts
  8 orc warriors
  5 black bears
  3 slaves (D:6)
  2 eyes of draining (D:11)
  A necrophage (D:13)
  8 ogres
  A phantom (D:4)
  5 ice beasts
  2 crocodiles
  8 centaurs
  2 big kobolds
  7 bullfrogs
  A wyvern zombie (D:13)
  9 scorpions
  A wyvern skeleton (D:13)
  13 killer bees
  21 wights
  2 howler monkeys
  9 crimson imps
  2 centaur zombies
  A bullfrog zombie (D:12)
  3 jellies
  3 centaur skeletons
  2 orc priests
  A bullfrog skeleton (D:7)
  7 hounds
  2 iguanas
  Jessica (D:3)
  14 orc wizards
  10 worker ants
  3 hound zombies
  A hound skeleton (D:7)
  2 worker ant zombies
  Robin (D:3)
  4 gnolls (D:4)
  8 adders
  3 shadow imps
  An adder zombie (D:9)
  3 adder skeletons
  2 worms
  3 dart slugs
  10 leopard geckos
  50 orcs
  A ball python (D:1)
  3 giant cockroaches
  8 hobgoblins
  14 jackals
  4 quokkas
  5 bats
  3 frilled lizards
  14 goblins
  9 kobolds
  A quokka skeleton (D:5)
  2 quokka zombies
  3 rats (D:1)
370 creatures vanquished.

Vanquished Creatures (others)
  A hungry ghost (D:14)
  2 orc wizards
  A fungus (D:10)
  A plant (D:10)
5 creatures vanquished.

Grand Total: 375 creatures vanquished

Notes
Turn   | Place    | Note
-------+----------+-------------------------------------------
     0 | D:1      | WabbitTwacks the Demonspawn Berserker began the quest for
                  | the Orb.
     0 | D:1      | Reached XP level 1. HP: 18/18 MP: 1/1
   383 | D:1      | Gained mutation: You are partially covered in iridescent
                  | scales. (AC +2) [demonic ancestry]
   383 | D:1      | Reached XP level 2. HP: 21/24 MP: 2/2
  1364 | D:2      | Gained mutation: You are partially covered in sharp spines.
                  | [demonic ancestry]
  1364 | D:2      | Reached XP level 3. HP: 29/29 MP: 3/3
  1372 | D:2      | You fall through a shaft!
  1642 | D:3      | Noticed Jessica
  1653 | D:3      | Killed Jessica
  1653 | D:3      | Gained mutation: Your flesh is cold resistant. (rC+)
                  | [demonic ancestry]
  1653 | D:3      | Reached XP level 4. HP: 33/36 MP: 4/4
  1740 | D:3      | Reached ** piety under Trog
  2093 | D:3      | Found a bloodstained altar of Trog.
  2187 | D:3      | Noticed Robin
  2209 | D:3      | Killed Robin
  2209 | D:3      | Gained mutation: You have sharp fingernails. [demonic
                  | ancestry]
  2209 | D:3      | Reached XP level 5. HP: 34/42 MP: 5/5
  3141 | D:4      | Reached skill level 1 in Stealth
  3307 | D:4      | Found a staircase to the Ecumenical Temple.
  3365 | D:4      | Gained mutation: You have large cloven feet. [potion of
                  | mutation]
  3365 | D:4      | Gained mutation: Your muscles are strong. (Str +2) [potion
                  | of mutation]
  3365 | D:4      | Gained mutation: You expend magic power (3 MP) to
                  | strengthen your wands. [potion of mutation]
  4232 | D:4      | Noticed a phantom
  4328 | D:4      | Gained mutation: You are mostly covered in iridescent
                  | scales. (AC +4) [demonic ancestry]
  4328 | D:4      | Reached XP level 6. HP: 16/48 MP: 6/6
  4348 | D:4      | Reached skill level 5 in Axes
  5100 | D:5      | Entered Level 5 of the Dungeon
  5341 | D:5      | Reached XP level 7. HP: 5/55 MP: 7/7
  5917 | D:5      | Gained mutation: You are robust. (+10% HP) [demonic
                  | ancestry]
  5917 | D:5      | Reached XP level 8. HP: 37/67 MP: 8/8
  6078 | D:5      | Reached skill level 5 in Fighting
  6105 | D:5      | Reached *** piety under Trog
  6818 | D:6      | Noticed Pikel
  6833 | D:6      | Reached skill level 5 in Armour
  6920 | D:6      | Killed Pikel
  6920 | D:6      | Reached XP level 9. HP: 75/75 MP: 9/9
  7109 | D:6      | Reached **** piety under Trog
  7151 | D:6      | Found a runed translucent door.
  7152 | D:6      | Noticed Crazy Yiuf
  7837 | D:6      | Reached skill level 1 in Maces & Flails
  8513 | D:7      | Identified the ring of the Snail {rPois rF+++ rC- MR+ SInv}
  8517 | D:7      | Reached skill level 5 in Dodging
  9222 | D:8      | You fall through a shaft!
  9340 | D:9      | Found a snail-covered altar of Cheibriados.
  9406 | D:9      | Reached skill level 1 in Long Blades
  9406 | D:9      | Reached XP level 10. HP: 84/84 MP: 10/10
  9790 | D:9      | Paralysed by a hornet for 2 turns
 10057 | D:9      | Found a staircase to the Orcish Mines.
 10129 | D:9      | Found Qeemupnu's Magic Scroll Shoppe.
 10255 | D:9      | Noticed a centaur warrior
 10266 | D:9      | Killed a centaur warrior
 10267 | D:9      | Noticed a two-headed ogre
 10276 | D:9      | Killed a two-headed ogre
 10276 | D:9      | Reached skill level 5 in Long Blades
 10564 | D:10     | Entered Level 10 of the Dungeon
 10644 | D:10     | Noticed a two-headed ogre
 10652 | D:10     | Killed a two-headed ogre
 10652 | D:10     | Gained mutation: You have very sharp fingernails. [demonic
                  | ancestry]
 10652 | D:10     | Reached XP level 11. HP: 92/92 MP: 11/11
 10775 | D:10     | Found a runed translucent gate.
 10775 | D:10     | Found a runed translucent gate.
 10775 | D:10     | Found a runed translucent gate.
 10776 | D:10     | Found an opulent altar of Gozag.
 10777 | D:10     | Noticed BorisKarlOrff's ghost (novice OpAs)
 10779 | D:10     | Noticed a deep elf archer
 10835 | D:10     | Reached ***** piety under Trog
 10945 | D:10     | Noticed a two-headed ogre
 10952 | D:10     | Killed a two-headed ogre
 11126 | D:10     | Found a staircase to the Lair.
 11356 | D:11     | Noticed a green ugly thing
 11365 | D:11     | Killed a green ugly thing
 11656 | D:11     | Noticed Urug
 11677 | D:11     | Paralysed by Urug for 7 turns
 11683 | D:11     | Killed Urug
 11869 | D:11     | Found a stormy altar of Qazlal.
 11986 | D:11     | Received a gift from Trog
 12341 | D:12     | Reached skill level 5 in Stealth
 12448 | D:12     | Noticed a two-headed ogre
 12456 | D:12     | Killed a two-headed ogre
 12751 | D:12     | Identified the Grimoire of Entrancing Stones
 12931 | D:12     | Gained mutation: You are completely covered in iridescent
                  | scales. (AC +6) [demonic ancestry]
 12931 | D:12     | Reached XP level 12. HP: 90/103 MP: 12/12
 13284 | D:13     | Noticed a two-headed ogre
 13292 | D:13     | Killed a two-headed ogre
 13448 | D:13     | Reached skill level 10 in Axes
 13695 | D:13     | Found a burning altar of Makhleb.
 13811 | D:13     | Noticed Frances
 13979 | D:13     | Killed Frances
 14323 | D:13     | Received a gift from Trog
 14816 | D:14     | Found Iwuczi's Distillery.
 14821 | D:14     | Bought a potion of invisibility for 120 gold pieces
 14882 | D:14     | Reached skill level 10 in Long Blades
 15108 | D:14     | Found a gate to the Vaults.
 15109 | D:14     | Noticed a yaktaur captain
 15136 | D:14     | Killed a yaktaur captain
 15147 | D:14     | Slain by a brown ugly thing

Skill      XL: |  1  2  3  4  5  6  7  8  9 10 11 12 |
---------------+-------------------------------------+-----
Axes           | 3 4 5 6 7 8 9 10 | 10.6
Dodging        | 2 3 4 5 6 7 8 |  8.0
Armour         | 2 3 4 5 6 |  6.1
Stealth        | 1 2 3 4 5 6 |  6.1
Fighting       | 4 5 6 7 8 9 |  9.5
Maces & Flails | 2 |  2.3
Long Blades    | 1 6 8 10 | 10.1

Action                   |  1- 3 |  4- 6 |  7- 9 | 10-12 || total
-------------------------+-------+-------+-------+-------++-------
Melee: Hand axe          |    86 |   145 |   216 |       ||   447
       Kick              |       |    19 |   108 |   212 ||   339
       War axe           |       |       |    31 |       ||    31
       Whip              |       |       |    27 |       ||    27
       Scimitar          |       |       |    23 |   236 ||   259
       Battleaxe         |       |       |       |    92 ||    92
       Great sword       |       |       |       |    67 ||    67
       Broad axe         |       |       |       |    52 ||    52
Invok: Berserk           |     2 |     6 |     8 |    14 ||    30
  Use: Potion            |       |     8 |     4 |     1 ||    13
       Scroll            |       |     6 |       |     4 ||    10
 Stab: Sleeping          |     1 |     1 |     3 |    16 ||    21
  Eat: Ration            |     1 |     5 |     3 |     5 ||    14
       Chunk             |       |       |    12 |    16 ||    28
Armor: Animal skin       |    20 |       |       |       ||    20
       Leather armour    |     3 |    38 |    77 |    18 ||   136
       Troll leather arm |       |       |       |    83 ||    83
Dodge: Dodged            |    39 |    74 |   195 |   473 ||   781
       Deflected         |       |       |       |     3 ||     3
       Rpst.: Scimitar   |       |       |     2 |    71 ||    73
       Great sword       |       |       |       |    22 ||    22
